 Dungeon Crawl Stone Soup version 0.27-a0-1193-g8631133539 (webtiles) character file.

Game seed: 167412132028639336

25 bobarctor the Grave Robber (level 2, -5/19 HPs)
             Began as a Demonspawn Necromancer on May 26, 2021.
             Was a Follower of Cheibriados.
             Slain by a worm (11 damage)
             ... on level 2 of the Dungeon.
             The game lasted 00:06:59 (1688 turns).

bobarctor the Grave Robber (Demonspawn Necromancer) Turns: 1688, Time: 00:06:59

Health: -5/19      AC:  2    Str: 10    XL:     2   Next: 86%
Magic:  4/5        EV: 12    Int: 18    God:    Cheibriados [*.....]
Gold:   58         SH:  0    Dex: 15    Spells: 4/6 levels left

rFire    . . .     SeeInvis .   c - +0 club
rCold    . . .     Faith    .   (no shield)
rNeg     . . .     Spirit   .   a - +0 robe
rPois    .         Reflect  .   (no helmet)
rElec    .         Harm     .   (no cloak)
rCorr    .         Rampage  .   (no gloves)
Will     .....                  (no boots)
Stlth    ++........             (no amulet)
HPRegen  0.06/turn              (no ring)
MPRegen  0.09/turn              (no ring)

@: very slow
A: demonic magic 1
a: Renounce Religion, Bend Time


You were on level 2 of the Dungeon.
You worshipped Cheibriados.
Cheibriados was aware of your devotion.
You visited 1 branch of the dungeon, and saw 2 of its levels.

You collected 58 gold pieces.

Inventory:

Hand Weapons
 c - a +0 club (weapon)
Missiles
 e - 32 stones (quivered)
 g - 16 bolts
Armour
 a - a +0 robe (worn)
Potions
 b - a potion of magic {unknown}
 d - a potion of curing {unknown}
 f - a potion of heal wounds {unknown}


   Skills:
 + Level 1.8 Dodging
 + Level 1.7 Stealth
 * Level 2.7 Spellcasting
 + Level 4.8 Necromancy


You had 4 spell levels left.
You knew the following spells:

 Your Spells              Type           Power      Damage    Failure   Level
a - Pain                  Necr           76%        1d7       2%          1
b - Animate Skeleton      Necr           38%        N/A       2%          1

Your spell library contained the following spells:

 Spells                   Type           Power      Damage    Failure   Level
 Vampiric Draining        Necr           9%         2d7       7%          3
 Animate Dead             Necr           9%         N/A       22%         4
 Agony                    Necr           19%        N/A       54%         5


Dungeon Overview and Level Annotations

Branches:
Dungeon (2/15)

Altars:
Cheibriados

Annotations:
D:2 Sigmund


Innate Abilities, Weirdness & Mutations

Spells you cast may paralyse adjacent enemies.


Message History

Aim: a worm (lightly wounded, chance to affect: 84%)
The worm writhes in agony.
Malevolent energies surge around you.
Casting: Pain (safe; 2% risk of failure)
Confirm with . or Enter, or press ? or * to list all spells.
Aiming: Pain (safe; 2% risk of failure)
Press: ? - help, Shift-Dir - straight line, f/p - worm
Aim: a worm (heavily wounded, chance to affect: 84%)
The worm writhes in agony.
Malevolent energies surge around you.
There is an escape hatch in the ceiling here.
You see here a +0 robe.
The worm bites you.
There is an escape hatch in the ceiling, spattered with blood here.
You hit the worm.
The worm is heavily wounded.
The worm closely misses you.
You hit the worm.
The worm is heavily wounded.
You hit the worm.
The worm is heavily wounded.
The worm misses you.
You barely miss the worm.
The worm is heavily wounded.
The worm closely misses you.
You hit the worm but do no damage.
The worm is heavily wounded.
The worm bites you.
Casting: Pain (safe; 2% risk of failure)
Confirm with . or Enter, or press ? or * to list all spells.
You don't know that spell.
Unknown command.
You hit the worm.
The worm is heavily wounded.
You see here a +0 robe.
You hit the worm but do no damage.
The worm is lightly wounded.
You hit the worm but do no damage.
The worm is lightly wounded.
The worm bites you!
Ouch! That really hurt!
You die...

#... ...# ####.###...
#........ ###.##.#.#
####........# ### #
#....<[.....# .... .
........###..#..#.....
. ........#
#..#w......$ .
........# #..@<.#.....
#
.####.#.........#.....
#......###### ####
#####.# #.


You could see a worm.

Vanquished Creatures
  A dart slug (D:1)
  3 ball pythons (D:1)
  3 bats (D:1)
  2 endoplasms (D:1)
  5 goblins (D:1)
  2 hobgoblins
  2 quokkas (D:1)
  A frilled lizard (D:1)
  3 kobolds (D:1)
22 creatures vanquished.

Notes
Turn   | Place    | Note
-------+----------+-------------------------------------------
     0 | D:1      | bobarctor the Demonspawn Necromancer began the quest for
                  | the Orb.
     0 | D:1      | Reached XP level 1. HP: 13/13 MP: 3/3
     2 | D:1      | Learned a level 1 spell: Animate Skeleton
   397 | D:1      | Gained mutation: Spells you cast may paralyse adjacent
                  | enemies. [demonic ancestry]
   397 | D:1      | Reached XP level 2. HP: 18/19 MP: 3/5
  1161 | D:1      | Found a faded altar of an unknown god.
  1167 | D:1      | Became a worshipper of Cheibriados the Contemplative
  1167 | D:1      | Reached * piety under Cheibriados
  1518 | D:2      | Noticed Sigmund
  1688 | D:2      | Slain by a worm

Illustrated notes

Levels and vault maps discovered:
D:1:      ncdulo_smallfort, layout_loops_ring,
          hellmonk_ecumenical_altar_crossroads, minivault_25,
          serial_bayou_crossing
D:2:      layout_loops_cross, uniq_sigmund

Action                   || total
-------------------------++-------
Melee: Unarmed           ||     3
       Club              ||    17
 Cast: Pain              ||    39
Armor: Robe              ||     3
Dodge: Dodged            ||    12

Table legend: (Time is in decaauts)
 A = Elapsed time spent in this place.
 B = Non-inter-level travel time spent in this place.
 C = Inter-level travel time spent in this place.
 D = Time resting spent in this place.
 E = Time spent auto-exploring this place.
 F = Levels seen in this place.
 G = Mean time per level.
                   A        B        C        D        E       F      G
               +--------+--------+--------+--------+--------+-----+--------+
         Total |   1827 |   1730 |     97 |    523 |   1020 |   2 |  913.5 |
       Dungeon |   1827 |   1730 |     97 |    523 |   1020 |   2 |  913.5 |
               +--------+--------+--------+--------+--------+-----+--------+

Top non-repeatable levels by time:
     D:1: 1782 daAuts
     D:2: 45 daAuts
